 Dungeon Sprint DCSS version 0.19-a0-1401-g902f63d (webtiles) character file.

640 poirepourri the Fighter (level 7, -1/58 HPs)
             Began as a Gargoyle Fighter on Sept 4, 2016.
             Was an Initiate of Cheibriados.
             Shot with an arrow by a centaur warrior (25 damage)
             ... in the Dungeon (Sprint I: "Red Sonja").
             The game lasted 00:01:22 (594 turns).

poirepourri the Fighter (Gargoyle Fighter)           Turns: 594, Time: 00:01:23

Health: -1/58      AC: 11    Str: 23    XL:     7   Next: 51%
Magic:  7/7        EV:  9    Int:  9    God:    Cheibriados [......]
Gold:   315        SH:  9    Dex: 10    Spells: 0 memorised, 6 levels left

rFire  . . .     SeeInvis .     a - +0 flail
rCold  . . .     Gourm    .     b - +0 scale mail
rNeg   + . .     Faith    .     c - +0 shield
rPois  ∞         Spirit   .     (no helmet)
rElec  +         Dismiss  .     (no cloak)
rCorr  .         Reflect  .     (no gloves)
MR     .....     Harm     .     (no boots)
Stlth  .......... NoTele   +    (no amulet)
                                (no ring)
                                (no ring)

@: very slow
A: negative energy resistance 1, electricity resistance, unbreathing,
petrification resistance, rot immunity, AC +4
a: Bend Time, Renounce Religion


You were in the Dungeon.
You worshipped Cheibriados.
Cheibriados was noncommittal.
You were not hungry.

You visited 1 branch You collected 315 gold pieces.

Inventory:

Hand Weapons
 a - a +0 flail (weapon)
Armour
 b - a +0 scale mail (worn)
 c - a +0 shield (worn)
Scrolls
 k - a scroll of blinking
Potions
 h - a potion of haste
 i - 2 potions of magic
 j - a potion of berserk rage
Comestibles
 f - a bread ration


   Skills:
 + Level 13.7 Fighting
 + Level 8.5 Maces & Flails
 - Level 3.2 Armour
 + Level 3.3 Dodging
 - Level 3.2 Shields


You had 6 spell levels left.
You didn't know any spells.

Dungeon Overview and Level Annotations

Branches:
Dungeon (1/1)

Altars:
Cheibriados
Dithmenos
Elyvilon
Fedhas
Gozag
Hepliaklqana
Kikubaaqudgha
Makhleb
Nemelex Xobeh
Okawaru
Qazlal
Ru
Sif Muna
Trog
Uskayaw
Vehumet
Xom
Yredelemnul
Zin
The Shining One
Jiyva
Lugonu

Shops:
D !


Innate Abilities, Weirdness & Mutations

You are resistant to torment.
Your stone body is resilient. (AC +4)
You are immune to poison.
You resist negative energy. (rN+)
You are resistant to electric shocks. (rElec)
You can survive without breathing.
You are immune to petrification.
You are immune to rotting.


Message History

What are your orders? t - Shout!
Orders for allies: a - Attack new target. p - Attack previous target. r - Retreat! s - Stop attacking. g - Guard the area. f - Follow me.
Anything else - Cancel.
You shout for attention!
You hear a shout! x2
You see here a mace.
The centaur warrior shouts!
The centaur warrior completely misses you.
The centaur warrior hits you but does no damage.
You closely miss the centaur warrior.
The centaur warrior wields a longbow.
The centaur warrior shoots an arrow.
The arrow hits you!! You block the centaur warrior's attack.
The centaur warrior wields a longbow.
The centaur warrior shoots an arrow.
The arrow hits you!
Things that are here:
an arrow; a mace The centaur warrior shoots an arrow.
The arrow hits you!!
You die...

###################
#<.#..)..#..'..#__#
#..'[.#..').#..'..+
#..#####'#####'#__####
#..####..#...#(####§§#
#..#__####..##@#§§≈cc#
#..#_____##'#.c§≈≈§..+
#⌠⌠#_.∩...†..._#c≈§.c#
####_..__##_.#'##+####
#_____###+#.# #######
###


You could see 2 centaur warriors.

Vanquished Creatures
  A slime creature (D)
  A yak (D)
  Sigmund (D)
  An ogre (D)
  A jelly (D)
  Ijyb (D)
6 creatures vanquished.

Notes
Turn   | Place    | Note
-------+----------+-------------------------------------------
     0 | D        | poirepourri the Gargoyle Fighter began the quest for the Orb.
     0 | D        | Reached XP level 1. HP: 14/14 MP: 1/1
     2 | D        | Noticed Ijyb
     9 | D        | Killed Ijyb
     9 | D        | Reached skill level 6 in Fighting
     9 | D        | Reached XP level 2. HP: 23/23 MP: 2/2
     9 | D        | Reached XP level 3. HP: 28/28 MP: 3/3
   117 | D        | Noticed an ogre
   120 | D        | Killed an ogre
   120 | D        | Reached skill level 9 in Fighting
   120 | D        | Reached skill level 1 in Dodging
   120 | D        | Reached XP level 4. HP: 36/36 MP: 4/4
   125 | D        | Noticed Sigmund
   135 | D        | Killed Sigmund
   135 | D        | Reached skill level 11 in Fighting
   135 | D        | Reached XP level 5. HP: 37/44 MP: 5/5
   135 | D        | Reached XP level 6. HP: 42/49 MP: 6/6
   178 | D        | Found a deep blue altar of Sif Muna.
   180 | D        | Found a radiant altar of Vehumet.
   226 | D        | Found a burning altar of Makhleb.
   226 | D        | Found a viscous altar of Jiyva.
   226 | D        | Found a shimmering altar of Xom.
   226 | D        | Found a corrupted altar of Lugonu.
   226 | D        | Noticed a slime creature
   246 | D        | Killed a slime creature
   246 | D        | Reached skill level 13 in Fighting
   246 | D        | Reached XP level 7. HP: 36/57 MP: 7/7
   419 | D        | Found Aclitoat's Distillery.
   419 | D        | Found an ancient bone altar of Kikubaaqudgha.
   419 | D        | Found a hazy altar of Hepliaklqana.
   419 | D        | Found a stormy altar of Qazlal.
   419 | D        | Found a hide-covered altar of Uskayaw.
   419 | D        | Found a blossoming altar of Fedhas.
   419 | D        | Found a bloodstained altar of Trog.
   419 | D        | Found an iron altar of Okawaru.
   419 | D        | Found a basalt altar of Yredelemnul.
   419 | D        | Found a glowing golden altar of the Shining One.
   419 | D        | Found a snail-covered altar of Cheibriados.
   419 | D        | Found a sacrificial altar of Ru.
   419 | D        | Found a glowing silver altar of Zin.
   419 | D        | Found a shadowy altar of Dithmenos.
   419 | D        | Found a white marble altar of Elyvilon.
   419 | D        | Noticed a yak
   426 | D        | Killed a yak
   427 | D        | Found an opulent altar of Gozag.
   428 | D        | Found a sparkling altar of Nemelex Xobeh.
   551 | D        | Became a worshipper of Cheibriados the Contemplative
   565 | D        | Noticed a centaur warrior
   565 | D        | Noticed a centaur warrior
   594 | D        | Shot with an arrow by a centaur warrior

Vault maps used:
D:        dungeon_sprint_1

Skill      XL: |  1  2  3  4  5  6  7 |
---------------+----------------------+-----
Fighting       | 6 9 11 13 | 13.7
Maces & Flails | 3 4 6 7 8 |  8.5
Dodging        | 1 2 3 |  3.3
Armour         | |  3.2
Shields        | |  3.2

Action                   |  1- 3 |  4- 6 |  7- 9 || total
-------------------------+-------+-------+-------++-------
Melee: Flail             |     8 |    25 |     8 ||    41
  Use: Potion            |     1 |     2 |       ||     3
       Scroll            |       |     1 |       ||     1
Armor: Scale mail        |     2 |     9 |     3 ||    14
Dodge: Dodged            |     1 |     6 |     2 ||     9
Block: Shield            |     5 |     4 |     1 ||    10
